[Event "Late-Titled-Tuesday-Blitz-September-12-2023"]
[Site "Chess.com"]
[Date "2023.09.12"]
[Round "1"]
[White "muchojogo"]
[Black "BogdanDeac"]
[Result "0-1"]
[WhiteElo "2469"]
[BlackElo "2938"]
[TimeControl "180+1"]
[EndTime "14:07:24 PDT"]
[Termination "BogdanDeac won by resignation"]

1. d4 f5 2. e4 fxe4 3. Nc3 Nf6 4.
Bg5 Nc6 5. d5 Ne5 6. Qe2 c6 7.
O-O-O Qa5 8. d6 Nd3+ 9. Kb1 Qxg5 10. cxd3 exd6 11. h4 Qh5 12. f3 Be7 13. dxe4 b5 14. g4 Qe5 15. Qe3 b4 16. f4 Qa5 17. Nce2 b3 18.
Qxb3 Nxe4 19. Qe3 d5 20. Bg2 Qb6 21. Nd4 Rb8 22. b3 O-O 23. Bxe4 dxe4 24. Nge2 d5 25.
f5 c5 26. Nc2 Bb7 27. Qf4 d4 28. Ng3 d3 29. Ne3 Bd6 30. Qf2 Be5 31. Nc4 Qc7 32. Nf1 Bd4 33. Nfe3 Ba6 34. Rhe1 Bxc4 35. Qf4 Qxf4 0-1

[Event "Late-Titled-Tuesday-Blitz-September-12-2023"]
[Site "Chess.com"]
[Date "2023.09.12"]
[Round "1"]
[White "MichalL9"]
[Black "Der_Honigdachs"]
[Result "0-1"]
[WhiteElo "2179"]
[BlackElo "2531"]
[TimeControl "180+1"]
[EndTime "14:07:24 PDT"]
[Termination "Der_Honigdachs won by resignation"]

1. Nf3 Nf6 2. g3 b6 3. Bg2 Bb7 4. a4 a6 5. a5 b5 6. b3 d6 7.
Bb2 e5 8. d4 e4 9. Nfd2 Nbd7 10. O-O Be7 11. Nc3 d5 12. e3 O-O 13. Ne2 Re8 14.
c4 Nf8 15. cxd5 Bd6 16. Nc3 Bb4 17. Ndxe4 Nxd5 18. Nxd5 Bxd5 19. Nc3 Bxg2 20. Kxg2 c6 21. Ne2 Bxa5 22. Ba3 Qd5+ 23. Kg1 Bc7 24. Rc1 Bd6 25. Bxd6 Qxd6 26. Nf4 Ne6 27. Nd3 a5 28. Qf3 Rac8 29.
Ra1 c5 30. Nxc5 Nxc5 31. dxc5 Qxc5 32. Rxa5 Qb4 33. Ra7 Qxb3 34. Rfa1 Rb8 35. R1a3 Qc4 36. Kg2 b4 37. R3a4 Rf8 38. h4 Qb5 39. R4a5 Qd3 40.
Rf5 Qc4 41. Rf4 Qe6 42. h5 b3 43. Re4 Qd5 44. Ra1 b2 45. Rb1 Qd3 46. Rd1 Qxd1 47. Qxd1 b1=Q 0-1

[Event "Late-Titled-Tuesday-Blitz-September-12-2023"]
[Site "Chess.com"]
[Date "2023.09.12"]
[Round "1"]
[White "cthulhuuu"]
[Black "Beca95"]
[Result "1-0"]
[WhiteElo "2491"]
[BlackElo "2951"]
[TimeControl "180+1"]
[EndTime "14:07:26 PDT"]
[Termination "cthulhuuu won by resignation"]

1. e4 e5 2. Nf3 Nc6 3. Bb5 Bc5 4. O-O d6 5. c3 a6 6. Ba4 Bd7 7. d4 Ba7 8. dxe5 Nxe5 9. Nxe5 dxe5 10. Bxd7+ Qxd7 11. Qxd7+ Kxd7 12. Rd1+ Ke6 13. Kf1 Ne7 14. Na3 Nc8 15. Nc4 b5 16. Ne3 Nd6 17. f3 c6 18.
a4 Bb6 19. Ke2 g6 20. b3 Bc5 21. Ba3 Bxa3 22. Rxa3 h5 23. c4 b4 24. Ra2 Nb7 25.
Rad2 Rhd8 26. Rxd8 Rxd8 27. Rxd8 Nxd8 28. c5 Nb7 29. Kd3 f5 30. Kc4 a5 31. Nc2 Kf6 32.
Nxb4 axb4 33. Kxb4 Ke7 34. a5 Nd8 35. a6 Ne6 36. a7 Nc7 37. Ka5 Kd7 38. Kb6 fxe4 39. fxe4 g5 40. Kb7 Na8 41. b4 h4 42. h3 Nc7 43. a8=Q Nxa8 44. Kxa8 Kc8 45. Ka7 Kc7 46. Ka6 1-0

[Event "Late-Titled-Tuesday-Blitz-September-12-2023"]
[Site "Chess.com"]
[Date "2023.09.12"]
[Round "1"]
[White "queen_iryna"]
[Black "djano"]
[Result "0-1"]
[WhiteElo "2352"]
[BlackElo "2659"]
[TimeControl "180+1"]
[EndTime "14:07:26 PDT"]
[Termination "djano won by resignation"]

1. e4 c5 2. Nf3 Nc6 3. Bb5 e5 4. O-O Nge7 5. c3 g6 6. d4 cxd4 7. cxd4 exd4 8. Nxd4 Bg7 9. Be3 O-O 10.
Nc3 d5 11. exd5 Nb4 12. d6 Ned5 13. a3 Nxe3 14. fxe3 Nc6 15. Nxc6 bxc6 16. Bxc6 Rb8 17. Nd5 Rxb2 18. Ne7+ Kh8 19. Qd3 Be6 20. Rad1 h5 21.
Qe4 Bb3 22. Rd4 Bc2 23. Qf4 Kh7 24. Be4 Bxd4 25. Bxc2 Bxe3+ 26. Qxe3 Rxc2 27. Qd3 Qb6+ 28. Kh1 Rf2 29. Rxf2 Qxf2 30. h3 Rb8 31. Kh2 Rb2 32. Qg3 Qxg3+ 33. Kxg3 Rd2 34. Nc8 a5 35. Kf3 Kg7 36.
Ke3 Rd1 37. Ke4 Kf6 38. Nb6 Ke6 39. Nd5 Rxd5 40. g4 hxg4 41. hxg4 0-1

[Event "Late-Titled-Tuesday-Blitz-September-12-2023"]
[Site "Chess.com"]
[Date "2023.09.12"]
[Round "1"]
[White "Boninknights"]
[Black "aa175"]
[Result "0-1"]
[WhiteElo "2302"]
[BlackElo "2610"]
[TimeControl "180+1"]
[EndTime "14:07:26 PDT"]
[Termination "aa175 won by resignation"]

1. d4 Nf6 2. Nf3 g6 3. c4 Bg7 4. Nc3 d5 5. Bg5 Ne4 6. cxd5 Nxg5 7. Nxg5 e6 8. Qd2 exd5 9. Qe3+ Kf8 10. Qf4 Bf6 11. h4 h6 12. Nf3 Kg7 13. e3 Nc6 14. Bd3 Be6 15. O-O-O Ne7 16. g4 Nc8 17. g5 Be7 18.
Qe5+ Kg8 19. h5 Bd6 20. Qf6 Qxf6 21. gxf6 g5 22. Ne5 c5 23. f4 gxf4 24. exf4 Kf8 25.
Rdg1 cxd4 26. Nb5 Bxe5 27. fxe5 Nb6 28. Rg7 Rc8+ 29. Kb1 Nc4 30. Nxd4 Nxe5 31. Bf5 Bxf5+ 32. Nxf5 Rc6 33. Rhg1 Rxf6 34. Ne3 Nf3 35. R1g3 Ng5 36.
R7xg5 hxg5 37. Rxg5 d4 38. Nd5 Rf2 39. Kc1 Rg8 40. Rxg8+ Kxg8 41. Ne7+ Kh7 42. Nd5 d3 43. a3 Kh6 44. Nb4 d2+ 45. Kd1 Kxh5 46. Nd5 Kg5 47. Nc7 Kf4 48. Nd5+ Ke4 49. Nc3+ Kd3 0-1

[Event "Late-Titled-Tuesday-Blitz-September-12-2023"]
[Site "Chess.com"]
[Date "2023.09.12"]
[Round "1"]
[White "ManuMunoz01"]
[Black "Golubovsky"]
[Result "1/2-1/2"]
[WhiteElo "2255"]
[BlackElo "2539"]
[TimeControl "180+1"]
[EndTime "14:07:27 PDT"]
[Termination "Game drawn - insufficient material"]

1. e4 c5 2. Nf3 Nf6 3. Nc3 d5 4. exd5 Nxd5 5. Nxd5 Qxd5 6. Be2 Nc6 7. O-O Bg4 8. h3 Bh5 9. d3 O-O-O 10. Bf4 e5 11. Bh2 f6 12. Nd2 Bxe2 13. Qxe2 Kb8 14. Qe4 Qxe4 15.
Nxe4 Nd4 16. c3 Ne2+ 17. Kh1 Rxd3 18. Rad1 Rxd1 19. Rxd1 Kc7 20. g3 f5 21. Ng5 Be7 22.
Ne6+ Kc6 23. Re1 Bf6 24. Rxe2 Kd6 25. Nxg7 Bxg7 26. g4 fxg4 27. hxg4 Rf8 28. Kg2 b5 29. f3 c4 30. Rd2+ Ke6 31. Bg1 Bh6 32. Rd1 a5 33. Bc5 Rf6 34. Rd6+ Kf7 35. Rxf6+ Kxf6 36. Ba3 Bc1 37.
Kf2 Kg5 38. Ke2 Kf4 39. Kd1 Be3 40. Ke2 h6 41. b3 cxb3 42. axb3 a4 43. bxa4 bxa4 44.
c4 e4 45. fxe4 Kxe4 46. Bf8 Bc1 47. Kd1 Bf4 48. Kc2 Kd4 49. c5 Kd5 50. Kb2 Be3 51. Ka2 Bxc5 52. Bxh6 Kc4 53. Bd2 Be7 54. Bh6 Kd3 55. g5 Bd6 56. g6 Be5 57. g7 Bxg7 58. Bxg7 a3 59. Kxa3 1/2-1/2

[Event "Late-Titled-Tuesday-Blitz-September-12-2023"]
[Site "Chess.com"]
[Date "2023.09.12"]
[Round "1"]
[White "K_A_S_T_O_R"]
[Black "Eloist"]
[Result "0-1"]
[WhiteElo "2949"]
[BlackElo "2490"]
[TimeControl "180+1"]
[EndTime "14:07:28 PDT"]
[Termination "Eloist won by resignation"]

1. e4 e6 2. d4 d5 3. Nc3 Nf6 4.
e5 Nfd7 5. Nce2 c5 6. f4 Nc6 7.
c3 Be7 8. Nf3 b5 9. a3 O-O 10. h4 f6 11. Neg1 Rb8 12. Bd3 f5 13. Ne2 a5 14. g4 c4 15. Bc2 Nb6 16. gxf5 exf5 17. Ng3 b4 18. axb4 axb4 19. Ng5 h6 20.
Qh5 Qe8 21. Qxe8 Rxe8 22. Nf3 Rf8 23. h5 b3 24. Bd1 Be6 25. Ra6 Bc8 26. Ra1 Be6 27. Nh4 Bxh4 28. Rxh4 Ra8 29. Rxa8 Rxa8 30. Rh2 Ra1 31. Be3 Na4 32. Rd2 Rb1 33. Kf2 Rxb2 34. Ne2 Rxd2 35. Bxd2 Nb2 36. Ke1 Nd3+ 37. Kf1 Nb2 38.
Ke1 Kf7 39. Ng3 Nxd1 40. Kxd1 g6 41. hxg6+ Kxg6 42. Be1 h5 43. Ne2 h4 44. Bxh4 Kh5 45. Bg5 Kg4 46. Kc1 Kf3 47. Ng1+ Kf2 48. Nh3+ Kg2 0-1

[Event "Late-Titled-Tuesday-Blitz-September-12-2023"]
[Site "Chess.com"]
[Date "2023.09.12"]
[Round "1"]
[White "LastGladiator1"]
[Black "Cambek64"]
[Result "1-0"]
[WhiteElo "2945"]
[BlackElo "2472"]
[TimeControl "180+1"]
[EndTime "14:07:28 PDT"]
[Termination "LastGladiator1 won by resignation"]

1. b3 e5 2. Bb2 d6 3. g3 Nc6 4.
Bg2 f5 5. c4 Nf6 6. Nc3 Be7 7.
e3 O-O 8. Nge2 Qe8 9. O-O Bd8 10. Nd5 Qh5 11. Nec3 Qxd1 12. Rfxd1 a6 13. b4 Nxd5 14.
Nxd5 Ne7 15. b5 Nxd5 16. Bxd5+ Kh8 17. a4 a5 18. c5 Bf6 19. cxd6 cxd6 20. Rac1 Bd8 21.
Ba3 Rf6 22. Rc3 Rb8 23. f3 Bd7 24. d4 exd4 25. Rxd4 Bb6 26. Rdd3 h5 27. h4 Kh7 28. f4 Kh6 29. Bf3 Re8 30. Kf2 Rfe6 31. Rxd6 Rxd6 32.
Bxd6 Bc8 33. Bc7 Rxe3 34. Rxe3 Bxc7 35. Re7 Bd6 36. Re8 Bd7 37. Rh8+ Kg6 38. Bxb7 Bc5+ 39. Kg2 Be6 40. Bc6 Bb3 41. Ra8 Bxa4 42. Rxa5 Bb3 43. b6 Bxb6 44. Rb5 1-0

[Event "Late-Titled-Tuesday-Blitz-September-12-2023"]
[Site "Chess.com"]
[Date "2023.09.12"]
[Round "1"]
[White "Mikasinski"]
[Black "octopus_assassin"]
[Result "0-1"]
[WhiteElo "2651"]
[BlackElo "2371"]
[TimeControl "180+1"]
[EndTime "14:07:28 PDT"]
[Termination "octopus_assassin won by resignation"]

1. e4 c5 2. Nf3 d6 3. d4 cxd4 4. Nxd4 Nf6 5. Nc3 Nc6 6. Bg5 e6 7. Qd2 a6 8. O-O-O Bd7 9. f4 Be7 10. Kb1 b5 11. a3 b4 12. Nxc6 bxc3 13. Nxd8 cxd2 14. Bxf6 gxf6 15. Nb7 Bc6 16. Na5 Bxe4 17. Rxd2 d5 18. Bd3 f5 19. Rc1 O-O 20. c4 Rac8 21. Ka2 Bxd3 22. Rxd3 dxc4 23. Rxc4 Rxc4 24. Nxc4 Rd8 25. Rxd8+ Bxd8 26. Kb3 Bc7 27. g3 f6 28.
Kb4 e5 29. Ne3 exf4 30. gxf4 Bxf4 31. Nxf5 Bxh2 32. Ka5 Kf7 33. Kxa6 Kg6 34. Nh4+ Kh5 35. Nf3 Bd6 36. a4 Kg4 37. Nd2 h5 38. Kb6 h4 39.
a5 Bb4 40. Nf1 Be1 41. a6 Kf3 42. Kb7 Bf2 43. b4 Kg2 44. Nd2 h3 45. a7 Bxa7 46. Kxa7 h2 47. b5 h1=Q 48. b6 Qa1+ 49. Kb7 Qd4 50.
Nb1 Qe4+ 51. Ka7 Qxb1 52. b7 f5 53. b8=Q Qxb8+ 54. Kxb8 0-1

[Event "Late-Titled-Tuesday-Blitz-September-12-2023"]
[Site "Chess.com"]
[Date "2023.09.12"]
[Round "1"]
[White "Lennis93"]
[Black "FuenfgegenWilly"]
[Result "1-0"]
[WhiteElo "2713"]
[BlackElo "2381"]
[TimeControl "180+1"]
[EndTime "14:07:29 PDT"]
[Termination "Lennis93 won by resignation"]

1. d4 d5 2. c4 e5 3. dxe5 d4 4. Bf4 Nc6 5. Nf3 Bg4 6. Nbd2 Nge7 7. h3 Bxf3 8. Nxf3 Ng6 9. g3 Bb4+ 10. Bd2 Bxd2+ 11. Qxd2 Ngxe5 12. Nxe5 Nxe5 13. Bg2 O-O 14. Rd1 Nxc4 15. Qxd4 Qxd4 16. Rxd4 Nd6 17. O-O Rfe8 18. e3 Rad8 19. Rc1 Re7 20. Ra4 a6 21. Rb4 b6 22.
Rc6 Kf8 23. Rd4 Red7 24. Bf1 Nb5 25. Rdc4 Nd6 26. Rc1 Ne4 27. Rxc7 Rxc7 28. Rxc7 Rd1 29. Kg2 Rd2 30. Bxa6 Rxf2+ 31. Kg1 Rxb2 32. Bc4 Nd6 33. Bd5 Rd2 34. e4 b5 35. g4 f6 36. h4 Re2 37. g5 fxg5 38. hxg5 Nxe4 39. Rf7+ Ke8 40. Rxg7 Nc3 41. Bb3 Nxa2 42. Rxh7 Nc3 43. g6 Re1+ 44.
Kf2 Re2+ 45. Kf3 Re7 46. Rxe7+ Kxe7 47. g7 1-0

[Event "Late-Titled-Tuesday-Blitz-September-12-2023"]
[Site "Chess.com"]
[Date "2023.09.12"]
[Round "1"]
[White "farzadbfd"]
[Black "Giantgoogachess"]
[Result "1-0"]
[WhiteElo "2694"]
[BlackElo "2371"]
[TimeControl "180+1"]
[EndTime "14:07:30 PDT"]
[Termination "farzadbfd won by resignation"]

1. d4 Nf6 2. Nf3 e6 3. c4 d5 4. Nc3 dxc4 5. e3 a6 6. Bxc4 b5 7. Be2 c5 8. O-O Bb7 9. a4 b4 10. Na2 Nbd7 11. Bd2 a5 12. Rc1 Rc8 13. Bb5 Qb6 14.
Ne5 Bd6 15. Nxd7 Nxd7 16. dxc5 Rxc5 17. Qg4 g6 18. Qd4 e5 19. Qg4 Bc6 20. Rxc5 Bxc5 21.
Bxc6 Qxc6 22. b3 O-O 23. Nc1 Qd5 24. Rd1 Nf6 25. Qf3 Qxf3 26. gxf3 Rd8 27. Kf1 e4 28. fxe4 Nxe4 29. Ke2 f5 30. Nd3 Bd6 31. h3 Rc8 32. Rc1 Rxc1 33. Nxc1 Kf7 34. f3 Nf6 35. Kd3 Ke6 36. Kc4 Nd7 37. Kb5 Ne5 38. Ne2 Nxf3 39.
Bc1 g5 40. Kxa5 g4 41. hxg4 fxg4 42. Kb6 g3 43. a5 Kd7 44. a6 Bb8 45. Kb7 1-0

[Event "Late-Titled-Tuesday-Blitz-September-12-2023"]
[Site "Chess.com"]
[Date "2023.09.12"]
[Round "1"]
[White "Battever"]
[Black "GMBenjaminBok"]
[Result "0-1"]
[WhiteElo "2489"]
[BlackElo "3027"]
[TimeControl "180+1"]
[EndTime "14:07:32 PDT"]
[Termination "GMBenjaminBok won on time"]

1. Nf3 d5 2. g3 c6 3. Bg2 Bg4 4.
h3 Bh5 5. O-O Nd7 6. d3 Ngf6 7.
Nbd2 e5 8. e4 dxe4 9. dxe4 Bc5 10. Qe1 O-O 11. Nc4 Qc7 12. Nh4 Rfd8 13. a4 Ne8 14. g4 Bg6 15. Ne3 Nf8 16. Nef5 Ne6 17. Be3 Bxe3 18. fxe3 Nd6 19. Qc3 f6 20. Rad1 Bf7 21. Qb4 c5 22. Qc3 b6 23. Rd2 Ng5 24.
Nxd6 Rxd6 25. Rfd1 Rad8 26. Nf5 Rxd2 27. Rxd2 Rd7 28.
h4 Ne6 29. g5 Rxd2 30. Qxd2 fxg5 31. hxg5 Nxg5 32. a5 bxa5 33. Qc3 h6 34. Ng3 a4 35. Nf5 a5 36. Qd3 c4 37. Qd2 c3 38. Qc1 Qc5 39. Qa1 cxb2 40. Qxb2 a3 41. Qb8+ Kh7 42. Qb7 a2 43. Qb2 Qb4 44. Qxe5 Qe1+ 45. Kh2 a1=Q 46. c3 Qaxc3 0-1

[Event "Late-Titled-Tuesday-Blitz-September-12-2023"]
[Site "Chess.com"]
[Date "2023.09.12"]
[Round "1"]
[White "hellokostya"]
[Black "petr577"]
[Result "0-1"]
[WhiteElo "2604"]
[BlackElo "2329"]
[TimeControl "180+1"]
[EndTime "14:07:32 PDT"]
[Termination "petr577 won by checkmate"]

1. Nf3 Nc6 2. d4 d5 3. e3 Bg4 4. c4 e6 5. Nc3 Nf6 6. h3 Bh5 7. a3 Bd6 8. c5 Be7 9. b4 a6 10. Be2 O-O 11. Bb2 Ne4 12. Nd2 Bxe2 13. Nxe2 f5 14. O-O Bg5 15. Nf4 Bxf4 16. exf4 Qh4 17. f3 Ng3 18. Re1 Rf6 19. Nf1 Nxf1 20.
Kxf1 Qxf4 21. Re2 Rg6 22. Qd2 Qh2 23. Rf2 Re8 24. Re1 Qh1+ 25. Ke2 Qxg2 26. Rxg2 Rxg2+ 27. Kd3 Rxd2+ 28. Kxd2 Kf7 29. h4 Kf6 30. Kd3 g6 31.
Bc1 Nd8 32. Bf4 c6 33. Be5+ Ke7 34. h5 Nf7 35. Bh2 Rg8 36. Rg1 Kf6 37. a4 e5 38.
dxe5+ Nxe5+ 39. Ke3 Nc4+ 40. Kf4 g5+ 41. Kg3 Re8 42. b5 axb5 43. axb5 Re3 44. bxc6 bxc6 45. Ra1 Ra3 46. Rb1 g4 47. Rb7 Rxf3+ 48. Kg2 Ne3+ 49.
Kg1 Rf1# 0-1

[Event "Late-Titled-Tuesday-Blitz-September-12-2023"]
[Site "Chess.com"]
[Date "2023.09.12"]
[Round "1"]
[White "baki83"]
[Black "bipe137"]
[Result "1-0"]
[WhiteElo "2811"]
[BlackElo "2432"]
[TimeControl "180+1"]
[EndTime "14:07:33 PDT"]
[Termination "baki83 won by resignation"]

1. e4 c5 2. Nf3 e6 3. g3 Nc6 4. Bg2 Nf6 5. Nc3 Be7 6. O-O O-O 7. d4 cxd4 8. Nxd4 Qc7 9. Ndb5 Qb8 10. Bf4 e5 11. Bg5 a6 12. Bxf6 gxf6 13. Na3 Bxa3 14. bxa3 d6 15. Nd5 Kg7 16. Qh5 Be6 17. Nb6 Ra7 18.
Bh3 Qc7 19. Rab1 Nd4 20. c4 Qc6 21. Nd5 Bxd5 22. cxd5 Qc2 23. Qg4+ Kh8 24. Rbd1 Raa8 25. Rxd4 exd4 26. Qf4 Qc7 27. Qxf6+ Kg8 28. Qg5+ Kh8 29.
Qf6+ Kg8 30. Bf5 d3 31. Rd1 d2 32. Kg2 Rae8 33. Rxd2 Qe7 34. Qd4 Qe5 35. Qe3 Kh8 36. Rc2 Re7 37. Qh6 Qg7 38. Qxd6 Rfe8 39. Bd7 Rxe4 40. Bxe8 Rxe8 41. Qf4 Rd8 42. d6 Qg6 43.
Rd2 Qe6 44. h4 f6 45. h5 Kg7 46. h6+ Kf7 47. Kh2 f5 48. Qg5 Rg8 49. Qh5+ Rg6 50. d7 Qe1 51. d8=Q 1-0

[Event "Late-Titled-Tuesday-Blitz-September-12-2023"]
[Site "Chess.com"]
[Date "2023.09.12"]
[Round "1"]
[White "IMRosen"]
[Black "laiciffOneslraCsungaM"]
[Result "0-1"]
[WhiteElo "2613"]
[BlackElo "2342"]
[TimeControl "180+1"]
[EndTime "14:07:33 PDT"]
[Termination "laiciffOneslraCsungaM won by resignation"]

1. d4 d5 2. Bf4 Bf5 3. e3 e6 4. Nf3 Nf6 5. Nbd2 Nbd7 6. Bd3 Ne4 7. Bxe4 dxe4 8. Ne5 Bd6 9. Bg3 Nxe5 10. dxe5 Be7 11.
O-O O-O 12. Qe2 Qd5 13. Rfd1 Rfd8 14. Nb3 Qc6 15. Nd4 Qb6 16. c3 a6 17. Rd2 c5 18.
Nxf5 exf5 19. Rad1 Rxd2 20. Rxd2 Rd8 21. Qd1 c4 22.
Rxd8+ Qxd8 23. Qd4 Qxd4 24. cxd4 Ba3 25. d5 Bxb2 26.
d6 Kf8 27. Bh4 Ke8 28. f4 c3 29. Be1 c2 30. Bd2 c1=Q+ 31. Bxc1 Bxc1 32. Kf2 Kd7 33. h3 h5 34. g3 b5 35. Ke2 a5 36. g4 hxg4 37.
hxg4 fxg4 38. Kf2 b4 39. Kg3 Bxe3 40. Kxg4 Bd4 41. Kf5 e3 42. Ke4 e2 43. Kxd4 e1=Q 44.
f5 Qd2+ 45. Ke4 Qxa2 46. Kf4 Qc4+ 47. Kg5 Qe4 48. e6+ fxe6 49. Kg6 Qxf5+ 50. Kxg7 0-1

[Event "Late-Titled-Tuesday-Blitz-September-12-2023"]
[Site "Chess.com"]
[Date "2023.09.12"]
[Round "1"]
[White "PawnEatingZombie"]
[Black "angryspacevoid"]
[Result "0-1"]
[WhiteElo "2199"]
[BlackElo "2532"]
[TimeControl "180+1"]
[EndTime "14:07:33 PDT"]
[Termination "angryspacevoid won on time"]

1. e4 c5 2. c3 g6 3. d4 cxd4 4. cxd4 d5 5. e5 Nc6 6. Nc3 Bg7 7. Bb5 Nh6 8. Bf4 O-O 9. Qd2 Nf5 10. Bxc6 bxc6 11. Nf3 h5 12. O-O Rb8 13. Rac1 Qa5 14. b3 Ba6 15. Rfd1 Rbc8 16. Na4 Qxd2 17. Rxd2 Bb7 18. h3 f6 19. Nc5 Ba8 20. Ne6 Rf7 21.
Nxg7 Nxg7 22. Rdc2 Ne6 23. Be3 Rff8 24. g3 Rc7 25.
exf6 exf6 26. h4 Rfc8 27. Ne1 c5 28. dxc5 d4 29. Bf4 Rxc5 30. Rxc5 Rxc5 31. Rxc5 Nxc5 32. Bb8 d3 33. Bf4 Be4 34. f3 Bf5 35. Kf2 Ne6 36.
Ke3 g5 37. hxg5 fxg5 38. Bd6 h4 39. gxh4 gxh4 40. Nxd3 h3 41. Bh2 Kf8 42. Nf4 Nc5 0-1

[Event "Late-Titled-Tuesday-Blitz-September-12-2023"]
[Site "Chess.com"]
[Date "2023.09.12"]
[Round "1"]
[White "AradNazari"]
[Black "a-z30"]
[Result "1-0"]
[WhiteElo "2752"]
[BlackElo "2407"]
[TimeControl "180+1"]
[EndTime "14:07:34 PDT"]
[Termination "AradNazari won by resignation"]

1. e4 d6 2. d4 Nf6 3. Nc3 g6 4. f4 Bg7 5. Nf3 O-O 6. e5 dxe5 7. dxe5 Qxd1+ 8. Nxd1 Nd5 9. c4 Nb6 10.
Nc3 Nc6 11. Be3 Be6 12. b3 f6 13. Nb5 Rac8 14. Nbd4 Nxd4 15. Nxd4 Bg4 16. e6 f5 17. Rc1 c5 18. Nb5 Rc6 19. Kf2 Rxe6 20. h3 Bh5 21.
Rg1 a6 22. Bxc5 axb5 23. cxb5 Rc8 24. b4 Na4 25. Bc4 Kf7 26. Rge1 Nxc5 27. bxc5 Ke8 28.
Bxe6 Bd4+ 29. Kg3 Rxc5 30. Rxc5 Bxc5 31. Rc1 b6 32. a4 Be2 33. a5 Bxb5 34. axb6 Bxb6 35.
Rb1 Ba5 36. Rxb5 Be1+ 1-0

[Event "Late-Titled-Tuesday-Blitz-September-12-2023"]
[Site "Chess.com"]
[Date "2023.09.12"]
[Round "1"]
[White "lachesisQ"]
[Black "Kleyton_Lima"]
[Result "1-0"]
[WhiteElo "3096"]
[BlackElo "2506"]
[TimeControl "180+1"]
[EndTime "14:07:35 PDT"]
[Termination "lachesisQ won by resignation"]

1. e4 c5 2. Nf3 d6 3. d4 cxd4 4. Nxd4 Nf6 5. Nc3 a6 6. Bg5 e6 7.
Qf3 Nbd7 8. O-O-O Qc7 9. Be2 b5 10. a3 Be7 11. Rhe1 Bb7 12. Qg3 h6 13. Bxf6 Bxf6 14. Ndxb5 axb5 15. Nxb5 Qb6 16. Qxd6 O-O-O 17. Qb4 Nc5 18. f3 Kb8 19. a4 Be7 20. Kb1 Rxd1+ 21.
Rxd1 Rd8 22. Rd4 Rxd4 23. Qxd4 Bc6 24. Qe5+ Kb7 25. Qxg7 Nxa4 26. Qxf7 Bxb5 27. Qxe7+ Ka6 28. Bxb5+ Kxb5 29. Qa3 Nc5 30. Qc3 Ka6 31. b3 h5 32.
h4 Kb7 33. Qc4 Nd7 34. Qc3 e5 35. Kb2 Qd6 36. g4 hxg4 37. fxg4 Nf6 38. Qd3 Qc6 39. h5 Nxg4 40. Qf3 Nh6 41. Qf8 Kb6 42. Qb8+ Ka6 43.
Qxe5 Kb7 44. Qd5 Qxd5 45. exd5 Kc7 46. c4 Kd6 47. Kc3 Nf5 48. b4 Kc7 49. c5 Ne7 50. d6+ 1-0

[Event "Late-Titled-Tuesday-Blitz-September-12-2023"]
[Site "Chess.com"]
[Date "2023.09.12"]
[Round "1"]
[White "Abund"]
[Black "Roedor"]
[Result "1-0"]
[WhiteElo "2741"]
[BlackElo "2405"]
[TimeControl "180+1"]
[EndTime "14:07:35 PDT"]
[Termination "Abund won by resignation"]

1. e4 e5 2. Nf3 Nc6 3. Bb5 Nf6 4. d3 Bc5 5. Bxc6 dxc6 6. Nbd2 Bd6 7. O-O O-O 8. Nc4 Nd7 9. Kh1 Re8 10. g3 Nf8 11.
Nh4 Be6 12. Ne3 g6 13. Qe1 Bh3 14. Rg1 Ne6 15. Nf3 a5 16. a4 Nd4 17. Nxd4 exd4 18.
Nc4 b6 19. g4 Qh4 20. Nxd6 cxd6 21. f3 Qxe1 22. Rxe1 f5 23. gxf5 gxf5 24. Rg1+ Kf7 25. Rg3 Bf1 26. Bf4 Be2 27. Re1 fxe4 28. Rxe2 exd3 29.
Rxe8 Rxe8 30. cxd3 Re2 31. Rg2 Re1+ 32. Rg1 Re2 33.
Bxd6 Rxb2 34. f4 Rd2 35. Rg3 Rd1+ 36. Kg2 Rd2+ 37. Kh3 b5 38. axb5 cxb5 39. Be5 b4 40.
f5 a4 41. Rg7+ Kf8 42. f6 Re2 43. Bd6+ Ke8 44. f7+ 1-0

[Event "Late-Titled-Tuesday-Blitz-September-12-2023"]
[Site "Chess.com"]
[Date "2023.09.12"]
[Round "1"]
[White "rdarruda"]
[Black "Jospem"]
[Result "0-1"]
[WhiteElo "2511"]
[BlackElo "3102"]
[TimeControl "180+1"]
[EndTime "14:07:37 PDT"]
[Termination "Jospem won by resignation"]

1. d4 Nf6 2. Nf3 e6 3. c4 Bb4+ 4. Nbd2 O-O 5. a3 Be7 6. e4 d6 7.
Bd3 Nfd7 8. O-O e5 9. dxe5 dxe5 10. b4 a5 11. Rb1 axb4 12. axb4 Nc6 13. b5 Na5 14. Bb2 f6 15. Qc2 Nc5 16. Be2 Be6 17. Rfd1 Qe8 18. Nf1 Qg6 19. Ng3 Qf7 20. Nd2 Rfd8 21.
Nf5 Bf8 22. Ne3 b6 23. Bc3 Nab7 24. f3 Nd6 25. Bb4 Ndb7 26. Ra1 Rxa1 27. Rxa1 Nd7 28. Bxf8 Qxf8 29. Qc3 Ndc5 30. Nd5 Qd6 31. h3 h5 32. Nf1 Bxd5 33. cxd5 g6 34. Ne3 Kg7 35. Ra7 Qe7 36. Nc4 Rd7 37. Kh2 Nd6 38. Nxd6 Qxd6 39. Ra8 Re7 40.
Bd3 Kh7 41. Bc2 Rf7 42. Kh1 Kg7 43. Qa1 Nb7 44. Qa7 Nc5 45. Qb8 Rf8 46. Qa7 Rxa8 47.
Qxa8 Qe7 48. Qc8 h4 49. Kh2 g5 50. Kh1 Qd7 51. Qb8 Qd6 52. Qe8 Nd7 53. Qd8 Kf7 54. Bd3 Nc5 55. Qxd6 cxd6 56. Bc4 f5 57. exf5 Kf6 58.
Kg1 Kxf5 59. Kf2 Kf4 60. Be2 e4 61. fxe4 Nxe4+ 62. Ke1 Nc3 63. Bc4 Ke3 64. Kf1 Kd4 65. Bb3 Nxb5 66. Kf2 Ke5 67. Kf3 Nd4+ 0-1

[Event "Late-Titled-Tuesday-Blitz-September-12-2023"]
[Site "Chess.com"]
[Date "2023.09.12"]
[Round "1"]
[White "DefiantChair"]
[Black "Jenia84"]
[Result "1-0"]
[WhiteElo "2688"]
[BlackElo "2364"]
[TimeControl "180+1"]
[EndTime "14:07:37 PDT"]
[Termination "DefiantChair won on time"]

1. e4 c5 2. Nf3 d6 3. d4 cxd4 4. Nxd4 Nf6 5. Nc3 a6 6. Bg5 e6 7.
f4 Nbd7 8. Qf3 Qc7 9. O-O-O Be7 10. g4 h6 11. Bxf6 Bxf6 12. h4 b5 13. g5 Bxd4 14.
Rxd4 Bb7 15. Bh3 hxg5 16. hxg5 g6 17. Rhd1 O-O-O 18. Rxd6 Nc5 19. Rxd8+ Rxd8 20. Rxd8+ Qxd8 21. a3 Qd4 22. Bg2 Qg1+ 23. Kd2 a5 24. Ne2 Qh2 25. Qc3 Qxg2 26. Qxc5+ Kb8 27. Qxb5 Qxe4 28. Qxa5 Qg2 29.
Qd8+ Ka7 30. Qd4+ Kb8 31. a4 Bf3 32. Qb6+ Kc8 33. Qc5+ Kd7 34. Qb5+ Ke7 35. a5 Qf2 36. a6 Bxe2 37. Qxe2 Qd4+ 38. Qd3 Qxf4+ 39. Kc3 Qe5+ 40. Kb4 Qb8+ 41. Ka5 Qc7+ 42. Ka4 Qc6+ 43. Kb4 Qb6+ 44. Qb5 Qd4+ 45. Kb3 Qe3+ 46. c3 1-0

[Event "Late-Titled-Tuesday-Blitz-September-12-2023"]
[Site "Chess.com"]
[Date "2023.09.12"]
[Round "1"]
[White "zajka-molotok"]
[Black "EnvigadoCity"]
[Result "1-0"]
[WhiteElo "2515"]
[BlackElo "1941"]
[TimeControl "180+1"]
[EndTime "14:07:39 PDT"]
[Termination "zajka-molotok won on time"]

1. e4 e5 2. Nf3 Nf6 3. Nc3 Nc6 4. Bb5 Bb4 5. O-O Bxc3 6. bxc3 d6 7. d4 Qe7 8. Re1 O-O 9. h3 Bd7 10. Bd3 b6 11. Ba3 Rfe8 12. Qd2 Nh5 13. Bf1 Nf4 14. Kh2 Qf6 15. Re3 Qh6 16. Rae1 Re6 17. Bc1 Rg6 18.
dxe5 Nxg2 19. Bxg2 Rxg2+ 20. Kxg2 Bxh3+ 21. Kg3 Qh5 22. Rg1 Bg4 23. Nh4 Nxe5 24. f4 g5 25.
fxg5 Ng6 26. Nxg6 Qh3+ 27. Kf2 Qh2+ 28. Kf1 Bh3+ 29. Rxh3 Qxh3+ 30. Qg2 Qxg2+ 31. Rxg2 fxg6 32. Rf2 Rf8 33. Be3 Re8 34. Bd4 Re6 35. Re2 Re7 36. Re3 Rf7+ 37. Ke2 Re7 38. e5 d5 39. e6 c5 40. Bf6 Re8 41. e7 h5 42. Re5 Kf7 43.
Rxd5 Ke6 44. Rd8 1-0

[Event "Late-Titled-Tuesday-Blitz-September-12-2023"]
[Site "Chess.com"]
[Date "2023.09.12"]
[Round "1"]
[White "mac0504"]
[Black "egnfanclub"]
[Result "0-1"]
[WhiteElo "2589"]
[BlackElo "2319"]
[TimeControl "180+1"]
[EndTime "14:07:40 PDT"]
[Termination "egnfanclub won on time"]

1. d4 d5 2. c4 c6 3. Nf3 Nf6 4. g3 dxc4 5. Bg2 e6 6. O-O b5 7. a4 Bb7 8. b3 cxb3 9. Qxb3 b4 10. Ne5 a5 11. Bb2 Be7 12. Nd2 O-O 13. Rac1 Nbd7 14. Bxc6 Bxc6 15. Nxc6 Qe8 16. e4 Nb6 17. Rfe1 Rc8 18. d5 Qd7 19. Bd4 Bd8 20. Ne5 Qe7 21.
Rxc8 Nxc8 22. Nc6 Qd7 23. Nc4 exd5 24. N4e5 Qc7 25. exd5 Nd6 26. Bc5 Re8 27. Kg2 Be7 28. f4 g6 29. Rc1 Nb7 30. Bxe7 Rxe7 31. Nxe7+ Qxe7 32. Qf3 Nd6 33. Rc6 Nfe4 34. Nc4 f5 35.
Nxd6 Nxd6 36. Kf2 Ne4+ 37. Kg2 Qd7 38. Qe3 Qxd5 39. Rc8+ Kg7 40. Qf3 Qd2+ 41. Kh3 Nf2+ 42. Kh4 Ng4 43. Rc7+ Kh6 44. h3 Qh2 45. Re7 Nf2 0-1